 Dungeon Crawl Stone Soup version 0.30-a0-154-gb106f4c828 (webtiles) character file.

Game seed: 11120263810944581928

114 Decritt the Digger (level 4, -8/26 HPs)
             Began as a Gargoyle Earth Elementalist on Sept 27, 2022.
             Killed by divine providence
             ... invoked by an orc priest
              (17 damage)
             ... on level 3 of the Dungeon.
             The game lasted 00:05:35 (2520 turns).

Decritt the Digger (Gargoyle Earth Elementalist)    Turns: 2520, Time: 00:05:35

Health: -8/26      AC:  6    Str: 11    XL:     4   Next: 98%
Magic:  7/7        EV: 11    Int: 18    God:
Gold:   233        SH:  0    Dex: 10    Spells: 7/8 levels left

rFire   . . .      SeeInvis .    m - +2 quarterstaff (spect)
rCold   . . .      Faith    .    (shield currently unavailable)
rNeg    + . .      Spirit   .    n - +0 leather armour
rPois   ∞          Reflect  .    (no helmet)
rElec   +          Harm     .    (no cloak)
rCorr   +          Rampage  .    (no gloves)
Will    .....                    (no boots)
Stlth   ++........               (no amulet)
HPRegen 0.08/turn                i - ring of resist corrosion
MPRegen 0.10/turn                (no ring)

@: no status effects
A: sickness immunity, AC +3, negative energy resistance 1, electricity
resistance, torment resistance 1, petrification resistance
a: no special abilities


You were on level 3 of the Dungeon.
You visited 1 branch of the dungeon, and saw 3 of its levels.

You collected 233 gold pieces.

Inventory:

Hand Weapons
 h - a +0 flail
 m - a +2 spectral quarterstaff (weapon)
Armour
 a - a +0 robe
 n - a +0 leather armour (worn)
Jewellery
 i - a ring of resist corrosion (left hand)
Scrolls
 c - a scroll of summoning {unknown}
 d - a scroll of teleportation {unknown}
 f - 2 scrolls of vulnerability {unknown}
 k - a scroll of enchant weapon {unknown}
 l - a scroll of amnesia {unknown}
Potions
 b - a potion of magic
 g - a potion of curing {unknown}


   Skills:
 + Level 1.7 Fighting
 + Level 1.7 Armour
 + Level 2.2 Dodging
 - Level 2.1 Stealth
 + Level 2.6 Spellcasting
 + Level 1.7 Conjurations
 - Level 0.7 Transmutations
 + Level 4.0 Earth Magic


You had 7 spell levels left.
You knew the following spells:

 Your Spells              Type           Power      Damage    Failure   Level
a - Sandblast             Erth           32%        2d9       4%          1

Your spell library contained the following spells:

 Spells                   Type           Power      Damage    Failure   Level
 Passwall                 Tmut/Erth      8%         N/A       13%         2
 Stone Arrow              Conj/Erth      24%        3d8       21%         3
 Petrify                  Tmut/Erth      10%        N/A       63%         4


Dungeon Overview and Level Annotations

Branches:
Dungeon (3/15)

Altars:
Hepliaklqana

Shops:
D:1 ??((


Innate Abilities, Weirdness & Mutations

You are immune to sickness and miasma.
Your stone body is resilient. (AC +3)
You are immune to poison.
You resist negative energy. (rN+)
You are resistant to electric shocks. (rElec)
You are resistant to unholy torment.
You are immune to petrification.


Message History

Magic restored.
A bat comes into view.
The bat hits you but does no damage.
You sock the bat!
You kill the bat!
No target in view!
You see here a bat corpse.
A dart slug comes into view.
The blast of sand hits the dart slug.
The dart slug is heavily wounded.
The dart slug launches a dart at you. The slug dart misses you.
The blast of sand hits the dart slug!
You kill the dart slug!
You open the door.
There is an open door here. 2 orc priests and an orc wizard come into view.
An orc priest is wielding a +0 whip of venom.
The orc priest shouts! x2
The orc priest begins to cast a cantrip, but forgets the words!
You hear a shout!
The orc wizard shouts!
You hear an angry hiss.
The orc priest looks satisfied for a moment.
An orc comes into view. It is wielding a +0 hand axe.
An orc comes into view. It is wielding a +0 hand axe.
A ball python comes into view.
The orc wizard points at you and mumbles some strange words.
The magic dart hits you.
The orc wizard gestures at you while chanting.
The puff of flame hits you!
Ouch! That really hurt!
* * * LOW HITPOINT WARNING * * *
There is an open door here.
The orc wizard casts a spell at you. The magic dart hits you.
* * * LOW HITPOINT WARNING * * *
The orc priest calls down the wrath of Beogh upon you.
Beogh smites you!
Ouch! That really hurt!
You die...

#....#####o#
#.....oo...#
#......#####
#.....o# #......#
.....#......#
###.#..##+#'###
..#.##.##.#.#
#.####.#.##.##.#@#
#......#.##..#.#.#
#.###.<#.##..#.#.#
......##.##..#.#.#
.....#...##....#.#
#.....)##†.......#
..#.....+........#
...#...##.......##
.#...#.##.......#


You could see an orc priest, an orc wizard and an orc.

Vanquished Creatures
  3 gnolls (D:2)
  4 adders (D:2)
  2 dart slugs
  An orc (D:3)
  3 ball pythons
  3 bats
  4 endoplasms
  2 giant cockroaches
  6 goblins
  A hobgoblin (D:2)
  2 jackals (D:1)
  4 quokkas
  2 frilled lizards (D:2)
  6 rats
43 creatures vanquished.

Notes
Turn   | Place    | Note
-------+----------+-------------------------------------------
     0 | D:1      | Decritt the Gargoyle Earth Elementalist began the quest for
                  | the Orb.
     0 | D:1      | Reached XP level 1. HP: 10/10 MP: 3/3
   108 | D:1      | Found a faded altar of an unknown god.
   151 | D:1      | Found Ecruapo's Weapon Boutique.
   174 | D:1      | Found Dilangae's Magic Scroll Shop.
   271 | D:1      | Found Apnaac's Magic Scroll Emporium.
   279 | D:1      | Reached XP level 2. HP: 16/16 MP: 3/5
   841 | D:1      | Found Lulypp's Weapon Boutique.
  1345 | D:2      | Reached skill level 1 in Fighting
  1345 | D:2      | Reached skill level 1 in Armour
  1345 | D:2      | Reached skill level 1 in Conjurations
  1350 | D:2      | Reached XP level 3. HP: 20/20 MP: 2/6
  1460 | D:2      | Identified the +2 chain mail of the Eternal Fruit {Harm
                  | Int-3 Dex+3}
  1686 | D:2      | Reached XP level 4. HP: 20/25 MP: 3/7
  2032 | D:2      | Found a hazy altar of Hepliaklqana.
  2431 | D:3      | Reached skill level 4 in Earth Magic
  2520 | D:3      | Killed from afar by an orc priest

Illustrated notes

Levels and vault maps discovered:
D:1:      sevenhm_arrival_forest_fort_small_6, layout_basic,
          dreamdust_ecumenical_altar_angels_and_demons, serial_shops,
          nicolae_shop_hallway_stairs,
          nicolae_shop_temple_entry_statues_fountains, shop_coins, shop
D:2:      layout_basic, basic_altar
D:3:      layout_basic, nicolae_overflow_ecumenical_swirl,
          lightli_temple_of_fire, minmay_increasing_density

Skill      XL: |  1  2  3  4 |
---------------+-------------+-----
Fighting       | 1 |  1.7
Armour         | 1 |  1.7
Conjurations   | 1 |  1.7
Dodging        | 2 |  2.2
Earth Magic    | 4 |  4.0
Stealth        | |  2.1
Spellcasting   | |  2.6
Transmutations | |  0.7

Action                   |  1- 3 |  4- 6 || total
-------------------------+-------+-------++-------
Melee: Flail             |     2 |       ||     2
       Quarterstaff      |    11 |    10 ||    21
       Punch             |     1 |       ||     1
 Cast: Sandblast         |    32 |    12 ||    44
  Use: Scroll            |       |     2 ||     2
 Stab: Sleeping          |     1 |       ||     1
Armor: Robe              |     6 |       ||     6
       Leather armour    |     4 |     6 ||    10
Dodge: Dodged            |    12 |    13 ||    25

Table legend: (Time is in decaauts)
 A = Elapsed time spent in this place.
 B = Non-inter-level travel time spent in this place.
 C = Inter-level travel time spent in this place.
 D = Time resting spent in this place.
 E = Time spent auto-exploring this place.
 F = Levels seen in this place.
 G = Mean time per level.
                   A        B        C        D        E       F      G
               +--------+--------+--------+--------+--------+-----+--------+
         Total |   2548 |   2466 |     82 |    477 |   1651 |   3 |  849.3 |
       Dungeon |   2548 |   2466 |     82 |    477 |   1651 |   3 |  849.3 |
               +--------+--------+--------+--------+--------+-----+--------+

Top non-repeatable levels by time:
     D:1: 1554 daAuts
     D:2: 892 daAuts
     D:3: 101 daAuts
